 Dungeon Crawl Stone Soup version 0.32-a0-39-g5c88369fb2 (webtiles) character file.

Game seed: 3953882128851764506

12417 Ge0ff the Thaumaturge (level 11, -12/75 HPs)
             Began as a Mummy Cinder Acolyte on Jan 30, 2024.
             Was a Follower of Ignis.
             Mangled by a death scarab (13 damage)
             ... in a Gauntlet.
             The game lasted 00:24:58 (15884 turns).

Ge0ff the Thaumaturge (Mummy Cinder Acolyte)       Turns: 15884, Time: 00:24:58

Health: -12/75     AC:  9    Str: 17    XL:     11   Next: 62%
Magic:  24/27      EV: 11    Int: 18    God:    Ignis [*.....]
Gold:   698        SH:  0    Dex:  8    Spells: 25/34 levels left

rFire   + . .        a - staff of fire
rCold   + . .        (no shield)
rNeg    + + +        W - +2 robe {Will+}
rPois   ∞            Q - +1 helmet
rElec   .            U - +0 cloak
rCorr   .            H - +0 pair of gloves
SInv    .            Z - +0 pair of boots
Will    ++...        (no amulet)
Stlth   ++           (no ring)
HPRegen 0.32/turn    (no ring)
MPRegen 0.20/turn

%: no teleportation, faith
@: slowed, very slow
A: cold resistance 1, negative energy resistance 3, torment resistance 2, heat
vulnerability 1, in touch with death 1, no potions, faith
a: Renounce Religion, Fiery Armour, Foxfire Swarm, Rising Flame


You were in a Gauntlet.
You worshipped Ignis.
Ignis was aware of your devotion.
You visited 2 branches of the dungeon, and saw 13 of its levels.
You also visited: Sewer and Gauntlet.

You collected 1298 gold pieces.
You spent 600 gold pieces at shops.

Inventory:

Hand Weapons
 b - a +3 spear of venom
 h - a -2 sling
 w - a +2 dagger of venom
 E - a +0 rapier
 I - a +3 trident
 K - a +2 heavy arbalest
 M - a +0 trident
Missiles
 d - 70 stones
 g - a throwing net {=F}
 O - 18 boomerangs
 R - 9 poisoned darts
Armour
 C - +0 acid dragon scales
 D - a +0 troll leather armour
 H - a +0 pair of gloves (worn)
 N - the +5 leather armour of Precision Catastrophes {rElec rF- Will- Regen+}
   (You found it on level 5 of the Dungeon)

   rF-:       It makes you vulnerable to fire.
   rElec:     It insulates you from electricity.
   Will-:     It decreases your willpower.
   Regen+:    It increases your rate of health regeneration.
 Q - a +1 helmet (worn)
 U - a +0 cloak (worn)
 W - a +2 robe of willpower (worn)
 X - a scarf of shadows
 Z - a +0 pair of boots (worn)
Magical Staves
 a - a staff of fire (weapon)
Jewellery
 G - an amulet of guardian spirit
Wands
 f - a wand of flame (34)
 j - a wand of light (4)
 s - a wand of mindburst (2)
Scrolls
 i - 3 scrolls of identify
 F - 2 scrolls of fog
 J - 5 scrolls of amnesia
 P - a scroll of torment
 S - a scroll of summoning
 T - 7 scrolls of teleportation
 V - a scroll of vulnerability
 Y - 5 scrolls of enchant weapon


   Skills:
 - Level 3.0 Fighting
 - Level 2.4 Polearms
 - Level 2.0 Stealth
 - Level 12.0 Spellcasting
 - Level 7.0 Fire Magic
 + Level 10.3 Ice Magic
 - Level 5.0 Evocations


You had 25 spell levels left.
You knew the following spells:

 Your Spells              Type           Power      Damage    Failure   Level
s - Ozocubu's Refrigerat  Ice            23%        4d12      63%         7
C - Scorch                Fire           100%       2d9       1%          2

Your spell library contained the following spells:

 Spells                   Type           Power      Damage    Failure   Level
 Ozocubu's Armour         Ice            47%        N/A       1%          3
 Slow                     Hex            40%        N/A       6%          1
 Call Imp                 Summ           20%        N/A       10%         2
 Confusing Touch          Hex            10%        N/A       19%         3
 Sigil of Binding         Hex            10%        N/A       19%         3
 Vampiric Draining        Necr           16%        2d7       19%         3
 Metabolic Englaciation   Hex/Ice        14%        N/A       22%         5
 Vhi's Electric Charge    Tloc/Air       20%        N/A       54%         4
 Sculpt Simulacrum        Ice/Alch       14%        N/A       77%         6
 Arcjolt                  Conj/Air       5%         1d15      87%         5
 Malign Gateway           Summ/Tloc      5%         N/A       100%        7
 Summon Hydra             Summ           5%         N/A       100%        7
 Maxwell's Capacitive Co  Air            5%         ∞         100%        8
 Summon Horrible Things   Summ           5%         N/A       100%        8
 Polar Vortex             Ice            23%        12d3*     100%        9
 Sublimation of Blood     Necr           Unusable   N/A       N/A         2

Dungeon Overview and Level Annotations

Branches:
Dungeon (12/15) Zot: 26768  Temple (0/1) D:6            Lair (1/5) D:11 Zot: 5998
    Orc (0/2) D:12          Sewer (visited)         Gauntlet (1/1) Zot: 5823

Altars:
Kikubaaqudgha
Okawaru
Ru
Uskayaw

Shops:
D:3 :

Annotations:
D:11 1 runed translucent door, exclusion: player ghost, leebro123's ghost, journeyman TrBe Gauntlet 13 transporters, 5 runed translucent doors, exclusion: ice statue


Innate Abilities, Weirdness & Mutations

You are immune to poison.
Your flesh is cold resistant. (rC+)
You are immune to negative energy. (rN+++)
You are immune to unholy pain and torment.
You are vulnerable to heat. (rF-)
You are in touch with the powers of death.
You do not drink.
You have a special connection with the divine. (Faith)


Message History

Found a transporter.
Found a transporter.
The death scarab's many legs skitter faintly.
Found a transporter.
Marking area around an ice statue as unsafe for travelling.
There is a transporter here.
The rime drake hisses angrily.
Partly explored, unvisited transporter.
Partly explored, unvisited transporter.
Partly explored, unvisited transporter.
Partly explored, unvisited transporter.
The rime drake hisses angrily.
Search for what [Enter for "@ego||artefact||jewel||troll||scales||shield||talisman||manual||trap", or ? for help]? @ego||artefact||jewel||troll||scales||shield||talisman||manual||trap
Okay, then.
There is a transporter here.
Search for what [Enter for "@ego||artefact||jewel||troll||scales||shield||talisman||manual||trap", or ? for help]? @ego||artefact||jewel||troll||scales||shield||talisman||manual||trap Unknown command.
The death scarab's many legs skitter faintly.
There is a transporter here.
You enter the transporter and appear at another place.
The spectral komodo dragon bites you!
Casting: Scorch (safe; 1% risk of failure)
Confirm with . or Enter, or press ? or * to list all spells.
You feel a surge of power!
Flames lash the spectral komodo dragon.
The spectral komodo dragon is lightly damaged.
The spectral komodo dragon's fire resistance burns away.
The spectral komodo dragon misses you.
The spectral komodo dragon is no longer more vulnerable to fire.
The death scarab barely misses you.
Casting: Scorch (safe; 1% risk of failure)
Confirm with . or Enter, or press ? or * to list all spells.
You feel a surge of power!
Flames lash the death scarab.
The death scarab is lightly damaged.
The death scarab's fire resistance burns away.
The death scarab bites you! The death scarab drains your vigour!
You feel yourself slow down. The death scarab bites you!!
* * * LOW HITPOINT WARNING * * *
The death scarab drains your vigour!
You feel as though you will be slow longer.
Aiming: Paralyse
Press: ? - help, Shift-Dir - straight line, f - death scarab
Aim: a death scarab (lightly damaged, more vulnerable to fire, chance to affect: 27%)
The death scarab easily resists.
The now-empty wand crumbles to dust.
The death scarab bites you!!
* * * LOW HITPOINT WARNING * * *
The death scarab drains your vigour!
You feel as though you will be slow longer.
The death scarab bites you!
You die...

#############
#≈#≈#≈#§#§#§### ##
##.....§§§.§§#≈### ###≈
#≈........§§§..#≈# #≈#.
##..#########....### ###...
#§..#.......#.....≈# #≈....
##§.#.##...[####..## ##..##
#≈..#.#.##..#..#..≈# #§..#.
##.©#.#.©#@©#©.#..## ##..#.
#≈..#.##ZB#.#..#..≈###§..#.
##.§#..####(#..#..##≈##..#.
#≈..#.......#..#.........#.
###..#########..#.........#.
#≈§..........#..###########.
##...#########..#.......BZ#.
#§.∩.#..^k^..#..#...###...#.
##§..#.⌠.#.#.#..#....#...?#.


You could see a spectral komodo dragon and a death scarab (combustible).

Vanquished Creatures
  A hydra (D:11)
  3 two-headed ogres
  A centaur warrior (D:8)
  3 boulder beetles
  A gargoyle (D:12)
  A troll (D:11)
  Prince Ribbit (D:7)
  A wraith (D:9)
  5 yaks (D:9)
  A wyvern (D:8)
  3 vampire mosquitoes
  Duvessa (D:7)
  2 acid dragons
  2 water moccasins
  2 black bears
  2 orc warriors
  A sky beast (D:7)
  3 ice beasts (D:6)
  A crocodile (Sewer)
  An ogre (D:3)
  A centaur (D:5)
  A phantom (D:4)
  2 gnoll sergeants
  20 wights
  Dowan (D:7)
  21 killer bees
  4 bombardier beetles
  4 howler monkeys
  8 hounds
  6 orc priests
  2 gnoll boudas
  6 iguanas
  2 sleepcaps
  4 orc wizards
  6 adders
  15 gnolls
  2 river rats (D:4)
  A shadow imp (D:7)
  A white imp (D:5)
  3 dart slugs
  2 ribbon worms
  31 orcs
  4 bats
  7 endoplasms
  5 giant cockroaches
  7 goblins
  5 hobgoblins
  4 jackals (Sewer)
  5 quokkas
  8 ball pythons
  2 frilled lizards (D:2)
  9 kobolds
  5 rats
240 creatures vanquished.

Vanquished Creatures (collateral kills)
  3 slime creatures (D:9)
3 creatures vanquished.

Vanquished Creatures (others)
  A sky beast (D:8)
  113 foxfires
114 creatures vanquished.

Grand Total: 357 creatures vanquished

Notes
Turn   | Place    | Note
-------+----------+-------------------------------------------
     0 | D:1      | Ge0ff the Mummy Cinder Acolyte began the quest for the Orb.
     0 | D:1      | Reached XP level 1. HP: 18/18 MP: 2/2
   171 | D:1      | Reached XP level 2. HP: 24/24 MP: 4/4
   174 | D:1      | Reached skill level 2 in Spellcasting
   180 | D:1      | Learned a level 2 spell: Scorch
   295 | D:1      | Reached skill level 1 in Stealth
   825 | D:1      | Found a faded altar of an unknown god.
  1070 | D:2      | Reached XP level 3. HP: 29/29 MP: 3/6
  1108 | D:2      | Found an ancient bone altar of Kikubaaqudgha.
  2327 | D:3      | Found a sacrificial altar of Ru.
  2373 | D:3      | Reached XP level 4. HP: 35/35 MP: 5/8
  2581 | D:3      | You fall into a shaft and drop 1 floor!
  2583 | D:4      | Identified a scroll of acquirement
  2583 | D:4      | Acquired 696 gold pieces
  2630 | D:4      | Reached skill level 3 in Spellcasting
  2690 | D:4      | Found a glowing drain.
  2780 | Sewer    | Entered a sewer
  2809 | Sewer    | Reached XP level 5. HP: 34/41 MP: 1/10
  2911 | Sewer    | Noticed a crocodile
  2921 | Sewer    | Killed a crocodile
  2922 | Sewer    | Reached skill level 4 in Spellcasting
  3269 | D:3      | Noticed an ogre
  3280 | D:3      | Killed an ogre
  3281 | D:3      | Reached skill level 5 in Spellcasting
  3281 | D:3      | Reached XP level 6. HP: 29/47 MP: 3/13
  3593 | D:3      | Found Xiuwkeq's Book Boutique.
  3598 | D:3      | Bought a book of Ice for 600 gold pieces
  3817 | D:3      | Found a faded altar of an unknown god.
  3821 | D:3      | Found an iron altar of Okawaru.
  4510 | D:4      | Reached skill level 1 in Ice Magic
  4814 | D:5      | Entered Level 5 of the Dungeon
  4823 | D:5      | Reached XP level 7. HP: 52/52 MP: 8/15
  5098 | D:5      | Reached skill level 6 in Spellcasting
  5178 | D:5      | Identified the +5 leather armour of Precision Catastrophes
                  | {rElec rF- Will- Regen+}
  5677 | D:5      | Reached skill level 5 in Fire Magic
  6202 | D:5      | Reached XP level 8. HP: 58/58 MP: 4/18
  6629 | D:5      | Reached skill level 7 in Spellcasting
  7355 | D:6      | Found a staircase to the Ecumenical Temple.
  7851 | D:5      | Reached skill level 8 in Spellcasting
  8912 | D:7      | Noticed Prince Ribbit
  8922 | D:7      | Reached XP level 9. HP: 63/63 MP: 14/21
  9031 | D:6      | Reached skill level 9 in Spellcasting
  9128 | D:7      | Killed Prince Ribbit
  9129 | D:7      | Reached skill level 5 in Ice Magic
  9645 | D:7      | Noticed Duvessa
  9658 | D:7      | Noticed Dowan
  9663 | D:7      | Killed Duvessa
  9668 | D:7      | Killed Dowan
  9669 | D:7      | Reached skill level 1 in Evocations
 10042 | D:7      | Reached skill level 10 in Spellcasting
 10513 | D:8      | Noticed a centaur warrior
 10519 | D:8      | Killed a centaur warrior
 10520 | D:8      | Reached XP level 10. HP: 4/70 MP: 14/24
 10738 | D:7      | Learned a level 7 spell: Ozocubu's Refrigeration
 10913 | D:8      | Noticed a boulder beetle
 10924 | D:8      | Killed a boulder beetle
 11878 | D:9      | Reached skill level 11 in Spellcasting
 12142 | D:9      | Noticed a two-headed ogre
 12158 | D:9      | Killed a two-headed ogre
 12245 | D:9      | Noticed a two-headed ogre
 12251 | D:9      | Killed a two-headed ogre
 12252 | D:9      | Reached skill level 5 in Evocations
 12514 | D:9      | Reached XP level 11. HP: 55/75 MP: 9/26
 12822 | D:10     | Entered Level 10 of the Dungeon
 12904 | D:9      | Reached skill level 12 in Spellcasting
 12970 | D:9      | HP: 1/75 [slime creature (13)]
 14518 | D:11     | Found a runed translucent door.
 14523 | D:11     | Noticed leebro123's ghost (journeyman TrBe)
 14568 | D:11     | Noticed a two-headed ogre
 14574 | D:11     | Killed a two-headed ogre
 14726 | D:11     | Found a hide-covered altar of Uskayaw.
 14739 | D:11     | Noticed a four-headed hydra
 14748 | D:11     | Killed a four-headed hydra
 14897 | D:11     | Found a staircase to the Lair.
 15426 | Lair:1   | Entered Level 1 of the Lair of Beasts
 15479 | D:12     | Noticed a two-headed ogre
 15521 | D:12     | Noticed a boulder beetle
 15539 | D:12     | Killed a boulder beetle
 15540 | D:12     | Reached skill level 10 in Ice Magic
 15546 | D:12     | Noticed a boulder beetle
 15700 | D:12     | Killed a boulder beetle
 15703 | D:12     | Found a gate leading to a gauntlet.
 15708 | Gauntlet | Entered a Gauntlet
 15708 | Gauntlet | Found a transporter.
 15708 | Gauntlet | Found a transporter.
 15715 | Gauntlet | Found a transporter.
 15717 | Gauntlet | Noticed a death scarab
 15727 | Gauntlet | Found a transporter.
 15743 | Gauntlet | Noticed a death scarab
 15745 | Gauntlet | Found a transporter.
 15745 | Gauntlet | Found a transporter.
 15745 | Gauntlet | Found a transporter.
 15747 | Gauntlet | Found a transporter.
 15747 | Gauntlet | Found a transporter.
 15766 | Gauntlet | Found a transporter.
 15776 | Gauntlet | Found a runed translucent door.
 15777 | Gauntlet | Found a transporter.
 15778 | Gauntlet | Found a runed translucent door.
 15778 | Gauntlet | Noticed a fire crab
 15785 | Gauntlet | Noticed a green death
 15786 | Gauntlet | Found a runed translucent gate.
 15787 | Gauntlet | Found a transporter.
 15787 | Gauntlet | Found a runed translucent gate.
 15788 | Gauntlet | Found a runed translucent gate.
 15801 | Gauntlet | Found a transporter.
 15835 | Gauntlet | Found a transporter.
 15884 | Gauntlet | HP: 1/75 [death scarab (21)]
 15884 | Gauntlet | Mangled by a death scarab

Illustrated notes

Levels and vault maps discovered:
D:1:      nicolae_arrival_memento_mori, layout_loops_ring,
          ebering_ecumenical_altar_rust, moated_statue
D:2:      layout_basic, basic_altar
D:3:      layout_basic, nicolae_overflow_ecumenical_swirl,
          mainiacjoe_overflow_boulevard, serial_shops, shop
D:4:      layout_cave_pods, portal_sewer_entry_a
D:5:      layout_loops_ring, kennysheep_decorative_pillar
D:6:      layout_loops_ring, minmay_temple_entry_from_below_a,
          grunt_decor_mini_mirrors
D:7:      layout_loops_cross, uniq_duvessa, uniq_prince_ribbit1
D:8:      layout_basic
D:9:      layout_small_grid
D:10:     layout_cave_pools, chequers_jeans
D:11:     layout_irregular_city, lair_entry_dummy, ebering_ghost_inner_flame,
          eat_drink_and_be_merry_uskayaw
D:12:     layout_loops_corners, david_orc_5, gauntlet_entry_generic, uniq_urug
Lair:1:   layout_misc_corridors
Gauntlet: gammafunk_gauntlet_mixed_choke_point [minmay_gauntlet_arena_77_box,
          minmay_gauntlet_arena_77_museum,
          minmay_gauntlet_arena_77_hold_the_fort,
          nicolae_gauntlet_arena_t_cross, minmay_gauntlet_arena_77_run_for_it,
          minmay_gauntlet_arena_77_cramped, minmay_gauntlet_arena_77_p_blocks,
          gauntlet_exit_hidden_loot]

Skill      XL: |  1  2  3  4  5  6  7  8  9 10 11 |
---------------+----------------------------------+-----
Spellcasting   | 2 3 5 6 8 10 11 12 | 12.0
Stealth        | 1 2 |  2.0
Fire Magic     | 3 4 5 6 7 |  7.0
Ice Magic      | 1 2 4 6 7 10 | 10.3
Evocations     | 4 5 |  5.0
Fighting       | |  3.0
Polearms       | |  2.4

Action                     |  1- 3 |  4- 6 |  7- 9 | 10-12 || total
---------------------------+-------+-------+-------+-------++-------
  Melee: Spear             |    38 |     9 |     9 |       ||    56
         Punch             |     1 |       |       |     2 ||     3
         Staff             |       |       |     1 |       ||     1
         Dagger            |       |       |       |    24 ||    24
  Throw: Stone             |       |     1 |     2 |     6 ||     9
         Boomerang         |       |       |     1 |       ||     1
         Dart              |       |       |     3 |     9 ||    12
   Cast: Scorch            |    40 |    56 |   215 |   171 ||   482
 Invoke: Foxfire Swarm     |       |     3 |     1 |     2 ||     6
         Fiery Armour      |       |       |     1 |     1 ||     2
  Evoke: Wand              |       |       |     1 |    15 ||    16
    Use: Scroll            |     1 |     7 |     1 |     6 ||    15
   Stab: Paralysed         |       |       |       |    24 ||    24
 Armour: Robe              |    19 |    20 |   111 |    77 ||   227
  Dodge: Dodged            |    25 |     8 |    83 |    49 ||   165

Table legend: (Time is in decaauts)
 A = Elapsed time spent in this place.
 B = Non-inter-level travel time spent in this place.
 C = Inter-level travel time spent in this place.
 D = Time resting spent in this place.
 E = Time spent auto-exploring this place.
 F = Levels seen in this place.
 G = Mean time per level.
                   A        B        C        D        E       F      G
               +--------+--------+--------+--------+--------+-----+--------+
         Total |  15917 |  15273 |    644 |    489 |  12617 |  15 | 1061.1 |
       Dungeon |  15421 |  14778 |    643 |    489 |  12247 |  12 | 1285.1 |
          Lair |      1 |      1 |      0 |      0 |      0 |   1 |    1.0 |
         Sewer |    319 |    319 |      0 |      0 |    231 |   1 |  319.0 |
      Gauntlet |    175 |    175 |      0 |      0 |    138 |   1 |  175.0 |
               +--------+--------+--------+--------+--------+-----+--------+

Top non-repeatable levels by time:
     D:5: 2260 daAuts
     D:7: 1774 daAuts
     D:9: 1625 daAuts
     D:4: 1560 daAuts
     D:6: 1343 daAuts
     D:2: 1244 daAuts
     D:3: 1146 daAuts
    D:11: 1120 daAuts
     D:8: 1103 daAuts
     D:1: 1082 daAuts
    D:10: 927 daAuts
   Sewer: 319 daAuts
    D:12: 231 daAuts
Gauntlet: 175 daAuts
  Lair:1: 1 daAuts
